 Dungeon Crawl Stone Soup version 0.18.1-48-g4cf74bf (console) character file.

36 utis the Sneak (level 3, -4/32 HPs)
             Began as a Naga Warper on July 19, 2016.
             Slain by Terence
             ... wielding a +1 vampiric hand axe
              (8 damage)
             ... on level 2 of the Dungeon.
             The game lasted 00:04:44 (1863 turns).

utis the Sneak (Naga Warper)                        Turns: 1863, Time: 00:04:45

Health: -4/32      AC:  2    Str: 13    XL:     3   Next: 37%
Magic:  4/6        EV:  9    Int: 13    God:
Gold:   81         SH:  0    Dex: 11    Spells: 3 memorised, 1 level left

rFire  . . .     SeeInvis +     a - +0 mace
rCold  . . .     Gourm    .     i - +0 leather armour (curse)
rNeg   . . .     Faith    .     (no shield)
rPois  +         Spirit   .     (no helmet)
rElec  .         Dismiss  .     (no cloak)
rCorr  .         Reflect  .     (no gloves)
SustAt .         Harm     .     (no barding)
MR     .....                    (no amulet)
Stlth  ++........               (no ring)
                                (no ring)

@: flying, very slightly contaminated, very slow, not resistant to hostile
enchantments, unstealthy
A: see invisible, deformed body, poison resistance, slowness 2, slow metabolism
1, spit poison 2, AC +1
a: Spit Poison


You were on level 2 of the Dungeon.
You were not hungry.

You visited 1 branch of the dungeon, and saw 2 of its levels.

You collected 81 gold pieces.

Inventory:

Hand Weapons
 a - a +0 mace (weapon)
Missiles
 e - 5 tomahawks of dispersal {=f}
 h - 24 stones (quivered)
 k - 17 arrows
 m - 20 bolts
Armour
 b - a +0 leather armour
 i - a cursed +0 leather armour (worn)
Jewellery
 g - an uncursed ring of protection from cold {unknown}
Scrolls
 d - a scroll of blinking
Books
 c - a book of Spatial Translocations

   Spells                             Type                      Level
   a - Apportation                    Translocation                1
   b - Blink                          Translocation                2
   c - Shroud of Golubria             Charms/Translocation         2
   d - Portal Projectile              Translocation                3
   e - Teleport Other                 Translocation                3
   f - Passage of Golubria            Translocation                4
Comestibles
 f - a bread ration {@e1}
 l - a chunk of flesh


   Skills:
 - Level 2.0 Fighting
 * Level 2.9 Maces & Flails
 - Level 0.8 Throwing
 - Level 0.7 Armour
 - Level 1.5 Dodging
 + Level 3.2 Stealth
 - Level 2.0 Spellcasting
 - Level 3.0 Translocations


You had one spell level left.
You knew the following spells:

 Your Spells              Type           Power        Failure   Level  Hunger
a - Apportation           Tloc           #.........   12%         1    ##.....
g - Shroud of Golubria    Chrm/Tloc      #.........   28%         2    ###....
v - Blink                 Tloc           N/A          14%         2    ###....


Dungeon Overview and Level Annotations

Branches:
Dungeon (2/15)

Altars:

Annotations:
D:2 Terence


Innate Abilities, Weirdness & Mutations

You cannot wear boots.
Your serpentine skin is tough (AC +1).
You have supernaturally acute eyesight.
Armour fits poorly on your strangely shaped body.
Your system is resistant to poisons.
You cover ground very slowly.
You have a slow metabolism.
You can spit poison.


Message History

Terence is heavily wounded.
Terence hits you but does no damage.
Terence hits you with a vampiric hand axe.
* * * LOW HITPOINT WARNING * * *
Terence draws strength from your injuries!
You hit Terence.
Terence is moderately wounded.
Terence hits you with a vampiric hand axe.
* * * LOW HITPOINT WARNING * * *
Drink which item? (? for menu, Esc to quit)
It was a potion of flight.
You feel very buoyant.
You fly up into the air.
Terence barely misses you.
You aren't carrying any items that you can evoke.
Unknown command.
Unknown command.
You hit Terence but do no damage.
Terence is moderately wounded.
Terence hits you with a vampiric hand axe!
You die...

*************** *,,,,,,,,,,,,,*
*,*****,*****,░░░░░░░░░░░░░░░░░░░
*,*,,,,,* *,░)N............)...
*,*,***,*** *,░@░░░░░░░░.░░░░░░░░
*,*,***,,,* *,░†░░░░░░░░'░░░░
*,*,**,,,,░░░,░.............░
*,,,,,,▩,,,...░...†.........░
,,***,,,,**,░.░.............░░░░░
,,* *,,,***,░..➘.................
,,* ***,***,░░░h............░░░░░
,,* *,,,,,░➘.➘.................


You could see Terence and a jackal (wandering).

Vanquished Creatures
  An adder (D:2)
  2 goblins
  5 hobgoblins
  5 jackals (D:2)
  5 bats
  2 kobolds
  5 rats
25 creatures vanquished.

Notes
Turn   | Place    | Note
--------------------------------------------------------------
     0 | D:1      | utis the Naga Warper began the quest for the Orb.
     0 | D:1      | Reached XP level 1. HP: 19/19 MP: 3/3
     2 | D:1      | Noticed a naga
     4 | D:1      | Noticed a demigod
     4 | D:1      | Noticed an elf
     6 | D:1      | Noticed a ghoul
     6 | D:1      | Noticed a felid
     8 | D:1      | Noticed a dwarf
     8 | D:1      | Noticed an ogre
    10 | D:1      | Noticed a spriggan
    12 | D:1      | Noticed a human
    12 | D:1      | Noticed a vampire
    14 | D:1      | Noticed a gargoyle
    16 | D:1      | Noticed a halfling
    16 | D:1      | Noticed a vine stalker
    18 | D:1      | Noticed a centaur
    20 | D:1      | Noticed a formicid
    20 | D:1      | Noticed a minotaur
    22 | D:1      | Noticed an octopode
    22 | D:1      | Noticed a draconian
    24 | D:1      | Noticed a demonspawn
    24 | D:1      | Noticed a troll
    26 | D:1      | Noticed a tengu
    26 | D:1      | Noticed a merfolk
   137 | D:1      | Reached skill level 1 in Stealth
   672 | D:1      | Reached XP level 2. HP: 17/26 MP: 5/5
   786 | D:1      | Learned a level 2 spell: Shroud of Golubria
   789 | D:1      | Learned a level 2 spell: Blink
  1398 | D:2      | Reached XP level 3. HP: 29/32 MP: 3/6
  1840 | D:2      | Noticed Terence
  1863 | D:2      | Slain by Terence

Skill      XL: |  1  2 |
---------------+-------+-----
Stealth        | 2 3 |  3.2
Fighting       | |  2.0
Maces & Flails | |  2.9
Throwing       | |  0.8
Armour         | |  0.7
Dodging        | |  1.5
Spellcasting   | |  2.0
Translocations | |  3.0

Action                   || total
-------------------------++-------
Melee: Mace              ||    88
Throw: Stone             ||    31
 Cast: Shroud of Golubri ||     1
  Use: Scroll            ||     1
       Potion            ||     1
  Eat: Chunk             ||     2
Armor: Leather armour    ||    22
Dodge: Dodged            ||    58
